 Dungeon Crawl Stone Soup version 0.24.1 (webtiles) character file.

Game seed: 4771984269326038806, levelgen mode: deterministic

264 Doot the Poker (level 6, -1/48 HPs)
             Began as a Merfolk Abyssal Knight on Mar 28, 2020.
             Was a Priest of Lugonu.
             Slain by an ogre
             ... wielding a +0 giant club
              (11 damage)
             ... on level 4 of the Dungeon.
             The game lasted 00:04:28 (3027 turns).

Doot the Poker (Merfolk Abyssal Knight)             Turns: 3027, Time: 00:04:29

Health: -1/48      AC: 16    Str: 15    XL:     6   Next: 19%
Magic:  7/7        EV:  0    Int: 11    God:    Lugonu [***...]
Gold:   146        SH:  0    Dex: 13    Spells: 5/5 levels left

rFire    . . .     SeeInvis .   a - +1 spear
rCold    . . .     Gourm    .   (no shield)
rNeg     . . .     Faith    .   k - +0 crystal plate armour
rPois    .         Spirit   .   (no helmet)
rElec    .         Reflect  .   h - +0 cloak
rCorr    .         Harm     .   (no gloves)
MR       .....                  (no boots)
Stlth    ..........             (no amulet)
HPRegen  0.16/turn              (no ring)
MPRegen  0.10/turn              (no ring)

@: no status effects
A: change form in water, swift swim, stealthy swim
a: Depart the Abyss, Bend Space, Banish, Renounce Religion


You were on level 4 of the Dungeon.
You worshipped Lugonu.
Lugonu was most pleased with you.
You were hungry.

You visited 1 branch of the dungeon, and saw 4 of its levels.
You visited the Abyss 1 time.

You collected 146 gold pieces.

Inventory:

Hand Weapons
 a - a +1 spear (weapon)
Armour
 b - a +0 leather armour
 h - a +0 cloak (worn)
 k - a +0 crystal plate armour (worn)
Jewellery
 q - an uncursed amulet of regeneration {unknown}
Wands
 j - a wand of random effects (16)
 l - a wand of iceblast (14)
Scrolls
 d - a scroll of noise {unknown}
 e - a scroll of immolation {unknown}
 f - 2 scrolls of teleportation {unknown}
 g - 5 scrolls of identify {unknown}
 i - 2 scrolls of remove curse {unknown}
 o - a scroll of magic mapping {unknown}
 p - a scroll of enchant armour {unknown}
Potions
 m - a potion of haste {unknown}
 n - a potion of curing {unknown}
Comestibles
 c - 4 rations


   Skills:
 + Level 4.3 Fighting
 + Level 6.9 Polearms
 + Level 2.0 Armour
 + Level 3.2 Dodging
 + Level 0.6 Stealth
 * Level 2.0 Invocations


You had 5 spell levels left.
You didn't know any spells.
Your spell library was empty.

Dungeon Overview and Level Annotations

Branches:
Dungeon (4/15)
 Temple: D:4-7

Altars:
Qazlal
Ru

Shops:
D:4 %


Message History

You hit the ogre.
The ogre is moderately wounded.
The ogre hits you with a +0 giant club!
You hit the ogre.
The ogre is heavily wounded.
Your crystal plate armour prevents you from hitting the ogre.
The ogre is heavily wounded.
The ogre hits you with a +0 giant club!
You are feeling hungry.
You puncture the ogre!
The ogre is almost dead.
You hit the ogre.
The ogre is almost dead.
The ogre hits you with a +0 giant club!!
* * * LOW HITPOINT WARNING * * *
You are too injured to fight recklessly!
You hit the ogre.
The ogre is almost dead.
The ogre hits you with a +0 giant club!
You die...

##### #...# .# #...# .#
#...###########.###
####.......#.........#
#..........#.........#
#..........#$........#
##..........#...O.....#.
.†.....###### #.@.......
##......# #.####.##.
##+#...# #.# ###.#...#
#.# #...'...# #.#
#####...# #.# #...# #.#
#...#######.#
#...'.......#


You could see an ogre.

Vanquished Creatures
  3 orc priests (D:3)
  An orc wizard (D:3)
  2 adders (D:2)
  4 worms
  4 dart slugs
  2 leopard geckos
  10 orcs (D:3)
  2 ball pythons
  10 bats
  7 giant cockroaches
  8 goblins
  13 hobgoblins
  2 jackals (D:3)
  11 kobolds
  A quokka (D:4)
  3 frilled lizards
  8 rats
91 creatures vanquished.

Notes
Turn   | Place    | Note
-------+----------+-------------------------------------------
     0 | Abyss:1  | Doot the Merfolk Abyssal Knight began the quest for the
                  | Orb.
     0 | Abyss:1  | Reached XP level 1. HP: 18/18 MP: 2/2
    21 | Abyss:1  | Found a corrupted altar of Lugonu.
    24 | Abyss:1  | Noticed a large abomination
    29 | Abyss:1  | Noticed a starcursed mass
    49 | Abyss:1  | Noticed a smoke demon
    71 | D:1      | Escaped the Abyss
   161 | D:1      | Reached XP level 2. HP: 15/24 MP: 3/3
   193 | D:1      | Reached * piety under Lugonu
   536 | D:1      | Reached skill level 4 in Polearms
   578 | D:1      | Reached XP level 3. HP: 26/30 MP: 4/4
   690 | D:1      | Reached skill level 1 in Armour
  1136 | D:2      | Reached XP level 4. HP: 32/37 MP: 5/5
  1300 | D:2      | Reached ** piety under Lugonu
  1676 | D:2      | Found a stormy altar of Qazlal.
  1917 | D:3      | Reached skill level 5 in Polearms
  1979 | D:3      | Found a sacrificial altar of Ru.
  1987 | D:3      | Reached XP level 5. HP: 21/42 MP: 6/6
  2292 | D:3      | Reached *** piety under Lugonu
  2313 | D:3      | HP: 3/63 [orc priest/+0 flail (2)]
  2317 | D:3      | Reached skill level 6 in Polearms
  2317 | D:3      | Reached XP level 6. HP: 11/48 MP: 7/7
  2322 | D:3      | HP: 3/72 [orc priest/+0 flail (3)]
  2952 | D:4      | Found Beakaon's Food Emporium.
  3027 | D:4      | Slain by an ogre

Levels and vault maps discovered:
D:1:      kennysheep_arrival_forest, layout_rooms
D:2:      kennysheep_big_flooded_room, layout_basic,
          nicolae_qazlal_eye_of_the_storm
D:3:      layout_rooms, first_ration, nicolae_ru_sacrificial_ziggurat
D:4:      layout_basic, serial_shops, nicolae_shop_behind_doors

Skill      XL: |  1  2  3  4  5 |
---------------+----------------+-----
Polearms       | 4 5 6 |  6.9
Dodging        | 3 |  3.2
Armour         | 1 2 |  2.0
Fighting       | 4 |  4.3
Stealth        | |  0.6
Invocations    | |  2.0

Action                   |  1- 3 |  4- 6 || total
-------------------------+-------+-------++-------
Melee: Spear             |   189 |   327 ||   516
Invok: Depart the Abyss  |     1 |       ||     1
  Use: Potion            |       |     3 ||     3
  Eat: Chunk             |     1 |     6 ||     7
Armor: Leather armour    |    25 |       ||    25
       Crystal plate arm |    44 |   280 ||   324
       Skin              |       |     7 ||     7
Dodge: Dodged            |    78 |     8 ||    86
